 Dungeon Crawl Stone Soup version 0.24-a0-228-g05560da (webtiles) character file.

Game seed: 799618107430531277

70 gruber the Cutter (level 4, -7/24 HPs)
             Began as a Vine Stalker Berserker on Apr 1, 2019.
             Was a Believer of Trog.
             Mangled by Sigmund
             ... wielding a +0 scythe
              (10 damage)
             ... on level 2 of the Dungeon.
             The game lasted 00:02:16 (1305 turns).

gruber the Cutter (Vine Stalker Berserker)          Turns: 1305, Time: 00:02:16

Health: -7/24      AC:  2    Str: 19    XL:     4   Next: 22%
Magic:  0/5        EV: 12    Int:  7    God:    Trog [**....]
Gold:   105        SH:  0    Dex: 15    Spells: 3/3 levels left

rFire    . . .     SeeInvis .   a - +0 short sword
rCold    . . .     Gourm    .   (no shield)
rNeg     . . .     Faith    .   b - +0 animal skin
rPois    .         Spirit   +   (no helmet)
rElec    .         Reflect  .   (no cloak)
rCorr    .         Harm     .   (no gloves)
MR       .....                  (no boots)
Stlth    +.........             (no amulet)
HPRegen  0.48/turn              (no ring)
MPRegen  0.09/turn              (no ring)

@: no status effects
A: fangs 2, regeneration 1, magic shield, antimagic bite, no potion heal 3, rot
immunity
a: Berserk, Trog's Hand, Renounce Religion


You were on level 2 of the Dungeon.
You worshipped Trog.
Trog was pleased with you.
You were hungry.

You visited 1 branch of the dungeon, and saw 2 of its levels.

You collected 105 gold pieces.

Inventory:

Hand Weapons
 a - a +0 short sword (weapon)
Missiles
 g - a throwing net (quivered)
 k - 8 tomahawks of returning
Armour
 b - a +0 animal skin (worn)
Scrolls
 e - a scroll of fear {unknown}
 l - a scroll of enchant armour {unknown}
Potions
 d - a potion of ambrosia {unknown}
 f - a potion of might {unknown}
 h - a potion of lignification {unknown}
 i - a potion of curing {unknown}
Comestibles
 c - a ration


   Skills:
 + Level 3.0 Fighting
 * Level 4.0 Short Blades
 + Level 1.7 Armour
 + Level 2.0 Dodging


You had 3 spell levels left.
You didn't know any spells.
Your spell library was empty.

Dungeon Overview and Level Annotations

Branches:
Dungeon (2/15)

Altars:

Annotations:
D:2 Sigmund


Innate Abilities, Weirdness & Mutations

You have extremely sharp teeth.
Your natural rate of healing is unusually fast.
When hurt, damage is shared between your health and your magic reserves.
Your bite disrupts and absorbs the magic of your enemies.
Potions cannot restore your health.
You are immune to rotting.


Message History

The gnoll hits you but does no damage.
You hit the jackal.
The jackal is moderately wounded.
The jackal closely misses you. The gnoll barely misses you.
The jackal bites you but does no damage.
You hit the jackal.
You kill the jackal!
Trog accepts your kill.
The gnoll hits you from afar with a +0 spear.
The gnoll hits you with a +0 spear.
You see here a jackal corpse.
You hit the gnoll but do no damage. Your bite misses the gnoll.
Something hits you!
* * * LOW HITPOINT WARNING * * *
The gnoll hits you with a +0 spear.
* * * LOW HITPOINT WARNING * * *
You hit the gnoll.
The gnoll is lightly wounded.
The gnoll closely misses you. Something hits you!
You die...

# ######## #....#### # #......#
#....##.. # #......# #....##.# #
#.†....# #....##.####### #
####......#######....##........ .
..................†............ .
####......#########......###### .
##################.......#######.
.............<..@gg.........)....
###########...####g......######..
#...# ##......# #..... #...#
#......# #.g.@. #...# ########
#..... #...## #..(.. #....#
#...g. #....#### #g.... #.......#
#.....


You could see 3 gnolls.

Vanquished Creatures
  Terence (D:2)
  A dart slug (D:1)
  2 giant cockroaches
  5 goblins
  6 hobgoblins
  4 jackals
  2 quokkas (D:2)
  4 bats
  A frilled lizard (D:2)
  5 kobolds
  8 rats
39 creatures vanquished.

Notes
Turn   | Place    | Note
-------+----------+-------------------------------------------
     0 | D:1      | gruber the Vine Stalker Berserker began the quest for the
                  | Orb.
     0 | D:1      | Reached XP level 1. HP: 11/11 MP: 2/2
   135 | D:1      | Reached skill level 3 in Short Blades
   135 | D:1      | Reached XP level 2. HP: 16/16 MP: 3/3
   698 | D:1      | Reached ** piety under Trog
   698 | D:1      | Reached XP level 3. HP: 19/19 MP: 4/4
   907 | D:2      | Noticed Sigmund
  1187 | D:2      | Noticed Terence
  1201 | D:2      | Killed Terence
  1201 | D:2      | Gained mutation: Your natural rate of healing is unusually
                  | fast. [Vine Stalker growth]
  1201 | D:2      | Reached XP level 4. HP: 18/24 MP: 5/5
  1267 | D:2      | Reached skill level 4 in Short Blades
  1305 | D:2      | Mangled by Sigmund

Levels and vault maps discovered:
D:1:      dpeg_arrival_ratfight, layout_basic
D:2:      layout_basic, lemuel_crystal_altar, minmay_bisected, uniq_sigmund,
          uniq_terence

Skill      XL: |  1  2  3  4 |
---------------+-------------+-----
Short Blades   | 3 4 |  4.0
Fighting       | 3 |  3.0
Dodging        | 2 |  2.0
Armour         | |  1.7

Action                   |  1- 3 |  4- 6 || total
-------------------------+-------+-------++-------
Melee: Short sword       |    79 |    17 ||    96
       Bite              |    18 |     5 ||    23
Invok: Berserk           |     1 |       ||     1
       Trog's Hand       |       |     1 ||     1
 Stab: Sleeping          |     2 |       ||     2
  Eat: Chunk             |     1 |     1 ||     2
Armor: Animal skin       |    14 |     5 ||    19
Dodge: Dodged            |    49 |    12 ||    61

Table legend:
 A = Non-vault XP
 B = Vault XP
 C = Vault XP percentage of total XP
 D = Non-vault monster count
 E = Vault monster count
 F = Vault count percentage of total count
                 A         B        C        D         E       F
            +---------+---------+-------+---------+---------+-------
      Total |      60 |      41 |  40.6 |      33 |       6 |  15.4
            +---------+---------+-------+---------+---------+-------
        D:1 |      34 |       5 |  12.8 |      18 |       5 |  21.7
        D:2 |      26 |      36 |  58.1 |      15 |       1 |   6.2
            +---------+---------+-------+---------+---------+-------
